Kraken vs Lightning

Created - 3 février 2021 at 10:21

Goals
1 2 3 T
Kraken 2 1 0 3
Lightning 3 2 0 5
Shots
1 2 3 T
Kraken 14 13 13 40
Lightning 11 12 11 34

1st period

1. Lightning , Brett Howden 2 (Chris Wagner 4, Ryan Nugent-Hopkins 17) at 11:16
2. Lightning , Nick Foligno 9 (Jakob Silfverberg 13, Andrej Sekera 7) at 12:32
3. Kraken , Roope Hintz 11 (Calvin de Haan 11) at 14:15
4. Lightning , Mikko Koivu 8 (Nick Foligno 15) at 14:50
5. Kraken , Roope Hintz 12 (Adam Gaudette 14) at 16:32

Penalties :
Nick Foligno (TAM) for Interference (Minor) at 6:23

2nd period

6. Kraken , Adam Gaudette 7 (Conor Garland 12, Roope Hintz 10) at 1:33
7. Lightning , Jakob Silfverberg 16 (Nick Foligno 16, Ryan Nugent-Hopkins 18) at 2:08
8. Lightning , T.J. Brodie 5 (Radko Gudas 6, Jakob Silfverberg 14) at 2:18

Penalties :
Radko Gudas (TAM) for Tripping (Minor) at 10:21, Conor Garland (SEA) for Hooking (Minor) at 18:17

3rd period

No Goal

Penalties :
Bryan Rust (SEA) for Tripping (Minor) at 17:14

Goalie Stats

Pavel Francouz (SEA), 27 saves from 29 shots - (0,931), L, 1-4-2, 45:10 minutes
Sergei Bobrovsky (SEA), 2 saves from 5 shots - (0,400), 14:50 minutes
Matt Murray (TAM), 37 saves from 40 shots - (0,925), W, 6-3-1, 60:00 minutes

Players Stats for Kraken

Player Name              G  A  P  +/- PIM S  H  SB GA TA FO     MP     PP MP  PK MP  
------------------------------------------------------------------------------------
Adam Gaudette            1  1  2   2  0   3  1  0  0  1  0/2    16:14   1:55   1:02 
Alex DeBrincat           0  0  0  -3  0   1  2  0  0  0  0/2    17:34   2:02   0:03 
Alexander Kerfoot        0  0  0  -1  0   2  1  0  0  0  1/3    11:49   0:01   2:00 
Andrew Mangiapane        0  0  0   0  0   1  3  0  0  0  0/1    13:33   0:00   0:00 
Bryan Rust               0  0  0  -3  2   5  0  0  2  0  1/1    18:52   2:02   0:56 
Calvin de Haan           0  1  1   0  0   0  1  1  0  0  0/0    21:11   1:59   1:44 
Conor Garland            0  1  1   2  2   2  0  0  2  0  0/0    15:21   1:55   0:00 
Dominik Kahun            0  0  0   0  0   2  0  0  0  0  1/5    14:52   0:01   0:00 
Jared Spurgeon           0  0  0   0  0   0  0  0  0  2  0/0    22:45   1:59   2:58 
Jeff Skinner             0  0  0   0  0   2  0  0  0  1  0/0    13:33   0:00   0:00 
Jordan Staal             0  0  0  -3  0   0  4  3  1  1  9/21   19:10   1:55   1:58 
Josh Anderson            0  0  0  -1  0   1  1  0  0  0  0/0    10:06   0:00   1:57 
Luca Sbisa               0  0  0   1  0   1  2  1  0  0  0/0    13:48   0:00   0:00 
Mark Giordano            0  0  0  -3  0   5  2  0  0  0  0/0    25:01   1:59   2:14 
Matt Irwin               0  0  0   1  0   1  0  0  0  0  0/0    13:48   0:00   0:00 
Michal Kempny            0  0  0  -3  0   4  0  2  0  1  0/0    23:27   1:59   1:00 
Roope Hintz              2  1  3   2  0   6  4  0  0  0  10/21  15:20   2:02   0:00 
Sam Steel                0  0  0  -1  0   4  1  0  0  0  1/3     9:36   0:01   0:00 

Players Stats for Lightning

Player Name              G  A  P  +/- PIM S  H  SB GA TA FO     MP     PP MP  PK MP  
------------------------------------------------------------------------------------
Andrej Sekera            0  1  1   2  0   1  1  1  0  0  0/0    19:49   1:21   1:40 
Andrew Cogliano          0  0  0   0  0   0  0  0  0  0  0/0    11:34   0:00   0:50 
Brett Howden             1  0  1   1  0   4  0  1  1  1  0/2    10:03   0:00   2:02 
Cedric Paquette          0  0  0   0  0   0  1  1  1  0  3/6    12:52   0:00   2:02 
Chris Wagner             0  1  1   1  0   0  0  0  0  0  0/0     9:10   0:00   1:06 
Colin Miller             0  0  0  -3  0   0  0  0  0  0  0/0    15:00   0:00   1:01 
Jakob Silfverberg        1  2  3   4  0   2  0  0  1  1  0/0    16:12   2:20   0:00 
Johnny Boychuk           0  0  0   1  0   1  3  0  0  0  0/0    18:44   0:00   1:38 
Jon Marchessault         0  0  0  -3  0   2  4  0  0  0  0/0    21:39   2:20   0:00 
Michael Stone            0  0  0  -3  0   1  3  2  0  1  0/0    15:54   0:00   2:18 
Mikko Koivu              1  0  1   4  0   4  3  0  0  0  5/6    16:44   1:38   1:06 
Nick Foligno             1  2  3   4  2   5  3  0  0  0  1/1    15:29   1:38   0:00 
Nicolas Deslauriers      0  0  0   1  0   2  1  1  0  0  0/0    11:35   2:37   0:14 
Radko Gudas              0  1  1   3  2   0  0  2  0  0  0/0    23:03   1:21   1:05 
Ryan Dzingel             0  0  0   0  0   4  1  0  0  0  0/0    11:39   0:00   0:50 
Ryan Nugent-Hopkins      0  2  2  -3  0   2  1  0  1  1  26/41  21:40   2:20   0:00 
T.J. Brodie              1  0  1   4  0   2  1  1  0  0  0/0    23:57   2:37   0:00 
Tyler Seguin             0  0  0  -3  0   4  0  1  2  1  1/3    20:56   1:38   0:00 

3 Stars

1 - Roope Hintz (SEA)
2 - Jakob Silfverberg (TAM)
3 - Nick Foligno (TAM)

Power Play

Kraken - 0 on 2 Attempt(s) - 0,00%
Lightning - 0 on 2 Attempt(s) - 0,00%

Penalty Kill

Kraken - 2 on 2 Attempt(s) - 100,00% - Score 0 goal in Penalty Kill
Lightning - 2 on 2 Attempt(s) - 100,00% - Score 0 goal in Penalty Kill

Team Stat

Kraken - Hits : 22 - Faceoff Wins : 23 - Blocked Shots : 7 - Penalty Minutes : 4
Lightning - Hits : 22 - Faceoff Wins : 36 - Blocked Shots : 10 - Penalty Minutes : 4

Official

Referees : Terry Koharski and Peter MacDougall
Linesman : Scott Driscoll and Tony Sericolo

Game Notes

Pavel Francouz enters game at 14:50 of 1st period

Finance

Level 1 -- Attendance: 6000 (100,00%) -- Ticket Income 510 000 $
Level 2 -- Attendance: 3199 (63,98%) -- Ticket Income 239 925 $
Level 3 -- Attendance: 1069 (53,45%) -- Ticket Income 58 795 $
Level 4 -- Attendance: 1923 (48,08%) -- Ticket Income 76 920 $
Luxury Box -- Attendance: 1000 (100,00%) -- Ticket Income 150 000 $
Game was played at the Tampa Baseball Stadium.
Total Attendance: 13191 (73,28%)
Total Ticket Income: 1 035 640 $
Other Income: 507 464 $
Total Income: 1 543 104 $

Kraken

5 vs 5 Forward 
   Center                   Left Wing                Right Wing               Time % Phy DF OF 
 1 Jordan Staal             Alex DeBrincat           Bryan Rust               30     0   1  4  
 2 Roope Hintz              Adam Gaudette            Conor Garland            30     0   1  4  
 3 Dominik Kahun            Andrew Mangiapane        Jeff Skinner             26     0   2  3  
 4 Sam Steel                Alexander Kerfoot        Josh Anderson            14     1   2  2  

5 vs 5 Defense 
   Defense                  Defense                                           Time % Phy DF OF 
 1 Mark Giordano            Michal Kempny                                     39     0   4  1  
 2 Calvin de Haan           Jared Spurgeon                                    36     0   4  1  
 3 Matt Irwin               Luca Sbisa                                        25     1   4  0  
 4 Jared Spurgeon           Mark Giordano                                     0      1   2  2  

PowerPlay Forward 
   Center                   Left Wing                Right Wing               Time % Phy DF OF 
 1 Roope Hintz              Alex DeBrincat           Bryan Rust               50     0   0  5  
 2 Jordan Staal             Conor Garland            Adam Gaudette            50     0   0  5  

PowerPlay Defense
   Defense                  Defense                                           Time % Phy DF OF 
 1 Jared Spurgeon           Calvin de Haan                                    50     0   1  4  
 2 Mark Giordano            Michal Kempny                                     50     0   1  4  

Penalty Kill 4 Players Forward 
   Center                   Wing                     Time % Phy DF OF 
 1 Jordan Staal             Bryan Rust               50     1   4  0  
 2 Alexander Kerfoot        Josh Anderson            50     1   4  0  

Penalty Kill 4 Players Defense
   Defense                  Defense                  Time % Phy DF OF 
 1 Mark Giordano            Jared Spurgeon           67     1   4  0  
 2 Calvin de Haan           Michal Kempny            33     1   4  0  

Penalty Kill - 3 Players Forward 
   Forward                                           Time % Phy DF OF 
 1 Jordan Staal                                      50     1   4  0  
 2 Josh Anderson                                     50     1   4  0  

Penalty Kill - 3 Players Defense
   Defense                  Defense                  Time % Phy DF OF 
 1 Jared Spurgeon           Calvin de Haan           50     1   4  0  
 2 Mark Giordano            Michal Kempny            50     1   4  0  

4 vs 4 Forward 
   Center                   Wing                     Time % Phy DF OF 
 1 Bryan Rust               Alex DeBrincat           50     0   2  3  
 2 Roope Hintz              Conor Garland            50     0   2  3  

4 vs 4 Defense
   Defense                  Defense                  Time % Phy DF OF 
 1 Michal Kempny            Calvin de Haan           50     0   4  1  
 2 Mark Giordano            Jared Spurgeon           50     0   4  1  

Last Minutes Offensive
   Center                   Left Wing                Right Wing               Defense                  Defense                  
   Jordan Staal             Alex DeBrincat           Bryan Rust               Jared Spurgeon           Luca Sbisa               

Last Minutes Defensive
   Center                   Left Wing                Right Wing               Defense                  Defense                  
   Jordan Staal             Josh Anderson            Roope Hintz              Jared Spurgeon           Luca Sbisa               

Goaltenders
Starting : Sergei Bobrovsky         
Backup : Pavel Francouz           

Extra Forwards
Normal : Alex DeBrincat, Jordan Staal, Bryan Rust - PP : Jordan Staal, Alex DeBrincat - PK : Jordan Staal
Extra Defensemen
Normal : Michal Kempny, Matt Irwin, Jared Spurgeon - PP : Michal Kempny - PK : Michal Kempny, Jared Spurgeon
Penalty Shots
Bryan Rust, Alex DeBrincat, Roope Hintz, Jeff Skinner, Conor Garland
Custom OT Lines Forwards
Jordan Staal, Alex DeBrincat, Roope Hintz, Jeff Skinner, Conor Garland, Alexander Kerfoot, Josh Anderson, Adam Gaudette, Bryan Rust, Dominik Kahun
Custom OT Lines Defensemen
Jared Spurgeon, Mark Giordano, Calvin de Haan, Matt Irwin, Michal Kempny

Scratches
Jimmy Vesey (Healthy), Jonathon Merrill (Healthy), Chad Ruhwedel (Healthy)

Lightning

5 vs 5 Forward 
   Center                   Left Wing                Right Wing               Time % Phy DF OF 
 1 Ryan Nugent-Hopkins      Jon Marchessault         Tyler Seguin             40     0   1  4  
 2 Mikko Koivu              Jakob Silfverberg        Nick Foligno             30     0   2  3  
 3 Cedric Paquette          Andrew Cogliano          Ryan Dzingel             20     0   2  3  
 4 Brett Howden             Nicolas Deslauriers      Chris Wagner             10     0   3  2  

5 vs 5 Defense 
   Defense                  Defense                                           Time % Phy DF OF 
 1 T.J. Brodie              Radko Gudas                                       42     0   1  4  
 2 Johnny Boychuk           Andrej Sekera                                     33     0   2  3  
 3 Michael Stone            Colin Miller                                      25     0   3  2  
 4 Johnny Boychuk           Colin Miller                                      0      0   3  2  

PowerPlay Forward 
   Center                   Left Wing                Right Wing               Time % Phy DF OF 
 1 Ryan Nugent-Hopkins      Jon Marchessault         Jakob Silfverberg        60     0   0  5  
 2 Mikko Koivu              Nick Foligno             Tyler Seguin             40     0   1  4  

PowerPlay Defense
   Defense                  Defense                                           Time % Phy DF OF 
 1 Nicolas Deslauriers      T.J. Brodie                                       60     0   1  4  
 2 Radko Gudas              Andrej Sekera                                     40     0   2  3  

Penalty Kill 4 Players Forward 
   Center                   Wing                     Time % Phy DF OF 
 1 Brett Howden             Cedric Paquette          60     0   3  2  
 2 Mikko Koivu              Chris Wagner             40     0   3  2  

Penalty Kill 4 Players Defense
   Defense                  Defense                  Time % Phy DF OF 
 1 Michael Stone            Radko Gudas              60     0   3  2  
 2 Johnny Boychuk           Andrej Sekera            40     0   3  2  

Penalty Kill - 3 Players Forward 
   Forward                                           Time % Phy DF OF 
 1 Cedric Paquette                                   60     0   4  1  
 2 Brett Howden                                      40     0   4  1  

Penalty Kill - 3 Players Defense
   Defense                  Defense                  Time % Phy DF OF 
 1 Michael Stone            Radko Gudas              60     0   5  0  
 2 Johnny Boychuk           Andrej Sekera            40     0   5  0  

4 vs 4 Forward 
   Center                   Wing                     Time % Phy DF OF 
 1 Ryan Nugent-Hopkins      Jon Marchessault         60     0   2  3  
 2 Tyler Seguin             Nick Foligno             40     1   2  2  

4 vs 4 Defense
   Defense                  Defense                  Time % Phy DF OF 
 1 T.J. Brodie              Nicolas Deslauriers      60     0   2  3  
 2 Radko Gudas              Andrej Sekera            40     0   2  3  

Last Minutes Offensive
   Center                   Left Wing                Right Wing               Defense                  Defense                  
   Ryan Nugent-Hopkins      Jon Marchessault         Jakob Silfverberg        Nicolas Deslauriers      T.J. Brodie              

Last Minutes Defensive
   Center                   Left Wing                Right Wing               Defense                  Defense                  
   Mikko Koivu              Cedric Paquette          Brett Howden             Michael Stone            Radko Gudas              

Goaltenders
Starting : Matt Murray              
Backup : Braden Holtby            

Extra Forwards
Normal : Mikko Koivu, Cedric Paquette, Ryan Dzingel - PP : Mikko Koivu, Cedric Paquette - PK : Ryan Dzingel
Extra Defensemen
Normal : Michael Stone, Colin Miller, Nicolas Deslauriers - PP : Michael Stone - PK : Colin Miller, Nicolas Deslauriers
Penalty Shots
Jakob Silfverberg, Tyler Seguin, Mikko Koivu, Jon Marchessault, Andrew Cogliano
Custom OT Lines Forwards
Ryan Nugent-Hopkins, Tyler Seguin, Jakob Silfverberg, Nick Foligno, Jon Marchessault, Mikko Koivu, Cedric Paquette, Andrew Cogliano, Ryan Dzingel, Brett Howden
Custom OT Lines Defensemen
T.J. Brodie, Radko Gudas, Johnny Boychuk, Andrej Sekera, Michael Stone

Scratches
Riley Stillman (Sports Hernia Injury), Teddy Blueger (Healthy), Andrew Hammond (Healthy)

% Time on Ice - Kraken

Lines # - Real PCT - Wanted PCT - Time Play
Normal Forward
1 - 31% - 30% - 16:00
2 - 28% - 30% - 14:22
3 - 26% - 26% - 13:33
4 - 16% - 14% - 8:09
Normal Defense
1 - 40% - 39% - 20:54
2 - 33% - 36% - 17:22
3 - 27% - 25% - 13:48
4 - 0% - 0% - 0:00
PP Forward
1 - 51% - 50% - 2:02
2 - 49% - 50% - 1:56
PP Defense
1 - 50% - 50% - 1:59
2 - 50% - 50% - 1:59
PK Forward
1 - 51% - 50% - 2:01
2 - 49% - 50% - 1:57
PK Defense
1 - 75% - 67% - 2:58
2 - 25% - 33% - 1:00
PK3 Forward
1 - 0% - 50%
2 - 0% - 50%
PK3 Defense
1 - 0% - 50%
2 - 0% - 50%
44 Forward
1 - 0% - 50%
2 - 0% - 50%
44 Defense
1 - 0% - 50%
2 - 0% - 50%
Last Minute Offensive  - 0:00
Last Minute Defensive  - 0:00
Total
Forward - 60:00
Defense - 60:00

% Time on Ice - Lightning

Lines # - Real PCT - Wanted PCT - Time Play
Normal Forward
1 - 37% - 40% - 19:25
2 - 27% - 30% - 13:54
3 - 21% - 20% - 10:44
4 - 15% - 10% - 8:01
Normal Defense
1 - 41% - 42% - 21:22
2 - 32% - 33% - 16:43
3 - 26% - 25% - 13:36
4 - 1% - 0% - 0:23
PP Forward
1 - 59% - 60% - 2:20
2 - 41% - 40% - 1:38
PP Defense
1 - 66% - 60% - 2:37
2 - 34% - 40% - 1:21
PK Forward
1 - 72% - 60% - 2:52
2 - 28% - 40% - 1:06
PK Defense
1 - 59% - 60% - 2:20
2 - 41% - 40% - 1:38
PK3 Forward
1 - 0% - 60%
2 - 0% - 40%
PK3 Defense
1 - 0% - 60%
2 - 0% - 40%
44 Forward
1 - 0% - 60%
2 - 0% - 40%
44 Defense
1 - 0% - 60%
2 - 0% - 40%
Last Minute Offensive  - 0:00
Last Minute Defensive  - 0:00
Total
Forward - 60:00
Defense - 60:00

Play-by-Play

1st period


0:01 of 1st period - Jordan Staal wins face-off versus Ryan Nugent-Hopkins in neutral zone.
0:08 of 1st period - Wrist shot by Ryan Nugent-Hopkins.
0:08 of 1st period - Shot Blocked by Michal Kempny.
0:14 of 1st period - Snap shot by Ryan Nugent-Hopkins.
0:14 of 1st period - Shot Blocked by Jordan Staal.
0:47 of 1st period - Off-side.
0:48 of 1st period - Dominik Kahun wins face-off versus Cedric Paquette in neutral zone.
1:22 of 1st period - Wrist shot by Jeff Skinner.
1:22 of 1st period - Stopped by Matt Murray with a rebound.
3:29 of 1st period - Snap shot by Dominik Kahun.
3:29 of 1st period - Shot Blocked by Brett Howden.
3:31 of 1st period - Slapshot by Calvin de Haan.
3:31 of 1st period - Deflect By Jeff Skinner.
3:31 of 1st period - Shot Misses the Net.
3:31 of 1st period - Puck is out of play.
3:32 of 1st period - Ryan Nugent-Hopkins wins face-off versus Roope Hintz in Lightning zone.
3:32 of 1st period - Ryan Nugent-Hopkins is hit by Roope Hintz.
4:10 of 1st period - Slapshot by Bryan Rust.
4:10 of 1st period - Shot Misses the Net.
4:20 of 1st period - Slapshot by Sam Steel.
4:20 of 1st period - Stopped by Matt Murray with a rebound.
4:22 of 1st period - Slapshot by Michal Kempny.
4:22 of 1st period - Shot Blocked by Michael Stone.
4:24 of 1st period - Snap shot by Josh Anderson.
4:24 of 1st period - Shot Misses the Net.
4:26 of 1st period - Wrist shot by Josh Anderson.
4:26 of 1st period - Stopped by Matt Murray without a rebound.
4:27 of 1st period - Ryan Nugent-Hopkins wins face-off versus Sam Steel in Lightning zone.
4:31 of 1st period - Off-side.
4:32 of 1st period - Ryan Nugent-Hopkins wins face-off versus Roope Hintz in neutral zone.
4:41 of 1st period - Wrist shot by Ryan Nugent-Hopkins.
4:41 of 1st period - Deflect By Tyler Seguin.
4:41 of 1st period - Shot Misses the Net.
4:41 of 1st period - Puck is out of play.
4:42 of 1st period - Ryan Nugent-Hopkins wins face-off versus Roope Hintz in Kraken zone.
4:43 of 1st period - Slapshot by Jon Marchessault.
4:43 of 1st period - Stopped by Sergei Bobrovsky without a rebound.
4:44 of 1st period - Ryan Nugent-Hopkins wins face-off versus Jordan Staal in Kraken zone.
5:38 of 1st period - Snap shot by Roope Hintz.
5:38 of 1st period - Deflect By Adam Gaudette.
5:38 of 1st period - Shot Misses the Net.
5:38 of 1st period - Puck is out of play.
5:39 of 1st period - Ryan Nugent-Hopkins wins face-off versus Jordan Staal in Lightning zone.
5:56 of 1st period - Snap shot by Jon Marchessault.
5:56 of 1st period - Shot Misses the Net.
6:15 of 1st period - Snap shot by Sam Steel.
6:15 of 1st period - Shot Misses the Net.
6:23 of 1st period - Minor Penalty to Nick Foligno for Interference.
6:24 of 1st period - Roope Hintz wins face-off versus Brett Howden in Lightning zone.
6:35 of 1st period - Wrist shot by Alex DeBrincat.
6:35 of 1st period - Shot Blocked by Michael Stone.
6:49 of 1st period - Michael Stone is hit by Adam Gaudette and loses puck.
6:57 of 1st period - Slapshot by Michal Kempny.
6:57 of 1st period - Shot Blocked by Radko Gudas.
6:59 of 1st period - Slapshot by Michal Kempny.
6:59 of 1st period - Stopped by Matt Murray with a rebound.
7:32 of 1st period - Adam Gaudette is hit by Johnny Boychuk and loses puck.
8:03 of 1st period - Calvin de Haan is hit by Michael Stone and loses puck.
8:23 of 1st period - Penalty to Nick Foligno is over, Nick Foligno is back on ice.
8:30 of 1st period - Calvin de Haan is hit by Jon Marchessault.
8:52 of 1st period - Slapshot by Jeff Skinner.
8:52 of 1st period - Shot Blocked by T.J. Brodie.
8:54 of 1st period - Wrist shot by Michal Kempny.
8:54 of 1st period - Stopped by Matt Murray with a rebound.
9:06 of 1st period - Mark Giordano is hit by T.J. Brodie and loses puck.
9:15 of 1st period - Snap shot by Nick Foligno.
9:15 of 1st period - Shot Misses the Net.
9:48 of 1st period - Bryan Rust is hit by Michael Stone and loses puck.
10:20 of 1st period - Wrist shot by Tyler Seguin.
10:20 of 1st period - Shot Misses the Net.
10:22 of 1st period - Wrist shot by Michael Stone.
10:22 of 1st period - Stopped by Sergei Bobrovsky with a rebound.
10:24 of 1st period - Slapshot by Michael Stone.
10:24 of 1st period - Shot Misses the Net.
10:38 of 1st period - Snap shot by Roope Hintz.
10:38 of 1st period - Shot Misses the Net.
10:40 of 1st period - Snap shot by Matt Irwin.
10:40 of 1st period - Shot Blocked by Andrej Sekera.
10:42 of 1st period - Wrist shot by Luca Sbisa.
10:42 of 1st period - Deflect By Roope Hintz.
10:42 of 1st period - Stopped by Matt Murray with a rebound.
10:44 of 1st period - Wrist shot by Adam Gaudette.
10:44 of 1st period - Shot Misses the Net.
11:14 of 1st period - Snap shot by Chris Wagner.
11:14 of 1st period - Shot Blocked by Calvin de Haan.
11:16 of 1st period - Snap shot by Brett Howden.
11:16 of 1st period - Goal by Brett Howden - Kraken : 0 - Lightning : 1.
11:17 of 1st period - Ryan Nugent-Hopkins wins face-off versus Roope Hintz in neutral zone.
11:20 of 1st period - Snap shot by Jon Marchessault.
11:20 of 1st period - Shot Misses the Net.
11:30 of 1st period - Slapshot by Adam Gaudette.
11:30 of 1st period - Stopped by Matt Murray without a rebound.
11:31 of 1st period - Jordan Staal wins face-off versus Ryan Nugent-Hopkins in Lightning zone.
11:34 of 1st period - Snap shot by Jordan Staal.
11:34 of 1st period - Shot Misses the Net.
11:40 of 1st period - Mark Giordano is hit by Jon Marchessault and loses puck.
12:22 of 1st period - Snap shot by Nick Foligno.
12:22 of 1st period - Deflect By Mikko Koivu.
12:22 of 1st period - Shot Misses the Net.
12:22 of 1st period - Puck is out of play.
12:23 of 1st period - Mikko Koivu wins face-off versus Roope Hintz in Kraken zone.
12:32 of 1st period - Snap shot by Nick Foligno.
12:32 of 1st period - Goal by Nick Foligno - Kraken : 0 - Lightning : 2.
12:33 of 1st period - Roope Hintz wins face-off versus Ryan Nugent-Hopkins in neutral zone.
13:10 of 1st period - Michal Kempny is hit by Nick Foligno and loses puck.
13:33 of 1st period - Snap shot by Bryan Rust.
13:33 of 1st period - Shot Misses the Net.
13:35 of 1st period - Snap shot by Alex DeBrincat.
13:35 of 1st period - Shot Blocked by Cedric Paquette.
13:48 of 1st period - Slapshot by Jared Spurgeon.
13:48 of 1st period - Deflect By Andrew Mangiapane.
13:48 of 1st period - Stopped by Matt Murray with a rebound.
13:50 of 1st period - Slapshot by Calvin de Haan.
13:50 of 1st period - Shot Misses the Net.
14:13 of 1st period - Snap shot by Roope Hintz.
14:13 of 1st period - Stopped by Matt Murray with a rebound.
14:15 of 1st period - Snap shot by Roope Hintz.
14:15 of 1st period - Goal by Roope Hintz - Kraken : 1 - Lightning : 2.
14:16 of 1st period - Tyler Seguin wins face-off versus Adam Gaudette in neutral zone.
14:23 of 1st period - Snap shot by Ryan Nugent-Hopkins.
14:23 of 1st period - Shot Blocked by Luca Sbisa.
14:50 of 1st period - Slapshot by Nick Foligno.
14:50 of 1st period - Deflect By Mikko Koivu.
14:50 of 1st period - Goal by Mikko Koivu - Kraken : 1 - Lightning : 3.
14:50 of 1st period - Pavel Francouz enters game.
14:51 of 1st period - Roope Hintz wins face-off versus Ryan Nugent-Hopkins in neutral zone.
14:58 of 1st period - Wrist shot by Roope Hintz.
14:58 of 1st period - Shot Blocked by Radko Gudas.
15:00 of 1st period - Snap shot by Conor Garland.
15:00 of 1st period - Stopped by Matt Murray without a rebound.
15:01 of 1st period - Ryan Nugent-Hopkins wins face-off versus Roope Hintz in Lightning zone.
15:10 of 1st period - Wrist shot by Tyler Seguin.
15:10 of 1st period - Stopped by Pavel Francouz without a rebound.
15:11 of 1st period - Roope Hintz wins face-off versus Ryan Nugent-Hopkins in Kraken zone.
15:49 of 1st period - Slapshot by Nick Foligno.
15:49 of 1st period - Shot Misses the Net.
16:05 of 1st period - Wrist shot by Ryan Dzingel.
16:05 of 1st period - Stopped by Pavel Francouz with a rebound.
16:07 of 1st period - Snap shot by Cedric Paquette.
16:07 of 1st period - Shot Misses the Net.
16:09 of 1st period - Slapshot by Johnny Boychuk.
16:09 of 1st period - Stopped by Pavel Francouz with a rebound.
16:24 of 1st period - Snap shot by Brett Howden.
16:24 of 1st period - Stopped by Pavel Francouz without a rebound.
16:25 of 1st period - Roope Hintz wins face-off versus Ryan Nugent-Hopkins in Kraken zone.
16:30 of 1st period - Wrist shot by Roope Hintz.
16:30 of 1st period - Stopped by Matt Murray with a rebound.
16:32 of 1st period - Slapshot by Roope Hintz.
16:32 of 1st period - Goal by Roope Hintz - Kraken : 2 - Lightning : 3.
16:33 of 1st period - Roope Hintz wins face-off versus Ryan Nugent-Hopkins in neutral zone.
16:58 of 1st period - Alex DeBrincat is hit by Nick Foligno and loses puck.
17:05 of 1st period - Snap shot by Mikko Koivu.
17:05 of 1st period - Stopped by Pavel Francouz with a rebound.
17:07 of 1st period - Wrist shot by Nick Foligno.
17:07 of 1st period - Stopped by Pavel Francouz without a rebound.
17:08 of 1st period - Ryan Nugent-Hopkins wins face-off versus Roope Hintz in Kraken zone.
17:35 of 1st period - Johnny Boychuk is hit by Jordan Staal and loses puck.
18:18 of 1st period - Slapshot by Alexander Kerfoot.
18:18 of 1st period - Shot Misses the Net.
18:24 of 1st period - Snap shot by Alexander Kerfoot.
18:24 of 1st period - Stopped by Matt Murray with a rebound.
18:42 of 1st period - Wrist shot by Ryan Nugent-Hopkins.
18:42 of 1st period - Deflect By Tyler Seguin.
18:42 of 1st period - Shot Blocked by Jordan Staal.
18:42 of 1st period - Puck is out of play.
18:43 of 1st period - Roope Hintz wins face-off versus Ryan Nugent-Hopkins in Kraken zone.
18:43 of 1st period - Roope Hintz is hit by Jon Marchessault.
18:59 of 1st period - Wrist shot by Ryan Nugent-Hopkins.
18:59 of 1st period - Shot Misses the Net.
Goals for this period are 2 for Kraken vs 3 for Lightning.
Shots for this period are 14 for Kraken vs 11 for Lightning.

2nd period


0:01 of 2nd period - Ryan Nugent-Hopkins wins face-off versus Roope Hintz in neutral zone.
0:08 of 2nd period - Tyler Seguin is hit by Mark Giordano and loses puck.
0:13 of 2nd period - Snap shot by Conor Garland.
0:13 of 2nd period - Deflect By Roope Hintz.
0:13 of 2nd period - Stopped by Matt Murray with a rebound.
0:15 of 2nd period - Slapshot by Michal Kempny.
0:15 of 2nd period - Stopped by Matt Murray with a rebound.
0:52 of 2nd period - Calvin de Haan is hit by Johnny Boychuk and loses puck.
1:31 of 2nd period - Wrist shot by Conor Garland.
1:31 of 2nd period - Shot Hit the Post.
1:33 of 2nd period - Snap shot by Adam Gaudette.
1:33 of 2nd period - Goal by Adam Gaudette - Kraken : 3 - Lightning : 3.
1:34 of 2nd period - Roope Hintz wins face-off versus Tyler Seguin in neutral zone.
2:08 of 2nd period - Snap shot by Jakob Silfverberg.
2:08 of 2nd period - Goal by Jakob Silfverberg - Kraken : 3 - Lightning : 4.
2:09 of 2nd period - Mikko Koivu wins face-off versus Jordan Staal in neutral zone.
2:12 of 2nd period - Slapshot by Mikko Koivu.
2:12 of 2nd period - Shot Blocked by Michal Kempny.
2:14 of 2nd period - Wrist shot by Jakob Silfverberg.
2:14 of 2nd period - Shot Hit the Post.
2:16 of 2nd period - Slapshot by Radko Gudas.
2:16 of 2nd period - Shot Misses the Net.
2:18 of 2nd period - Slapshot by T.J. Brodie.
2:18 of 2nd period - Goal by T.J. Brodie - Kraken : 3 - Lightning : 5.
2:19 of 2nd period - Ryan Nugent-Hopkins wins face-off versus Roope Hintz in neutral zone.
2:24 of 2nd period - Wrist shot by Ryan Nugent-Hopkins.
2:24 of 2nd period - Stopped by Pavel Francouz without a rebound.
2:25 of 2nd period - Ryan Nugent-Hopkins wins face-off versus Roope Hintz in Kraken zone.
2:36 of 2nd period - Tyler Seguin is hit by Roope Hintz and loses puck.
2:51 of 2nd period - Michal Kempny is hit by Nick Foligno and loses puck.
3:14 of 2nd period - Wrist shot by Mark Giordano.
3:14 of 2nd period - Stopped by Matt Murray without a rebound.
3:15 of 2nd period - Ryan Nugent-Hopkins wins face-off versus Dominik Kahun in Lightning zone.
4:28 of 2nd period - Brett Howden is hit by Luca Sbisa and loses puck.
4:40 of 2nd period - Off-side.
4:41 of 2nd period - Jordan Staal wins face-off versus Ryan Nugent-Hopkins in neutral zone.
4:44 of 2nd period - Ryan Nugent-Hopkins is hit by Jordan Staal and loses puck.
4:51 of 2nd period - Snap shot by Bryan Rust.
4:51 of 2nd period - Stopped by Matt Murray without a rebound.
4:52 of 2nd period - Ryan Nugent-Hopkins wins face-off versus Adam Gaudette in Lightning zone.
5:19 of 2nd period - Jakob Silfverberg is hit by Andrew Mangiapane.
5:39 of 2nd period - Andrew Cogliano is hit by Alex DeBrincat and loses puck.
6:26 of 2nd period - Calvin de Haan is hit by Mikko Koivu and loses puck.
6:51 of 2nd period - Off-side.
6:52 of 2nd period - Jordan Staal wins face-off versus Ryan Nugent-Hopkins in neutral zone.
7:24 of 2nd period - Adam Gaudette is hit by Mikko Koivu and loses puck.
7:45 of 2nd period - Jared Spurgeon is hit by Ryan Dzingel.
9:16 of 2nd period - Andrej Sekera is hit by Andrew Mangiapane and loses puck.
9:39 of 2nd period - Wrist shot by Sam Steel.
9:39 of 2nd period - Stopped by Matt Murray without a rebound.
9:40 of 2nd period - Jordan Staal wins face-off versus Mikko Koivu in Lightning zone.
10:21 of 2nd period - Minor Penalty to Radko Gudas for Tripping.
10:22 of 2nd period - Roope Hintz wins face-off versus Brett Howden in Lightning zone.
12:21 of 2nd period - Penalty to Radko Gudas is over, Radko Gudas is back on ice.
12:22 of 2nd period - Slapshot by Mikko Koivu.
12:22 of 2nd period - Stopped by Pavel Francouz without a rebound.
12:23 of 2nd period - Ryan Nugent-Hopkins wins face-off versus Alexander Kerfoot in Kraken zone.
12:44 of 2nd period - Tyler Seguin is hit by Sam Steel and loses puck.
13:35 of 2nd period - Backhand shot by Sam Steel.
13:35 of 2nd period - Stopped by Matt Murray with a rebound.
13:37 of 2nd period - Wrist shot by Alexander Kerfoot.
13:37 of 2nd period - Stopped by Matt Murray without a rebound.
13:38 of 2nd period - Mikko Koivu wins face-off versus Alex DeBrincat in Lightning zone.
14:03 of 2nd period - Johnny Boychuk is hit by Roope Hintz.
14:04 of 2nd period - Icing by Johnny Boychuk.
14:05 of 2nd period - Cedric Paquette wins face-off versus Roope Hintz in Lightning zone.
15:04 of 2nd period - Snap shot by Brett Howden.
15:04 of 2nd period - Stopped by Pavel Francouz without a rebound.
15:05 of 2nd period - Sam Steel wins face-off versus Ryan Nugent-Hopkins in Kraken zone.
15:16 of 2nd period - Snap shot by Tyler Seguin.
15:16 of 2nd period - Stopped by Pavel Francouz with a rebound.
15:18 of 2nd period - Slapshot by T.J. Brodie.
15:18 of 2nd period - Stopped by Pavel Francouz with a rebound.
15:57 of 2nd period - Mark Giordano is hit by Nicolas Deslauriers and loses puck.
16:26 of 2nd period - Snap shot by Mark Giordano.
16:26 of 2nd period - Stopped by Matt Murray with a rebound.
16:28 of 2nd period - Snap shot by Adam Gaudette.
16:28 of 2nd period - Shot Misses the Net.
16:30 of 2nd period - Slapshot by Mark Giordano.
16:30 of 2nd period - Stopped by Matt Murray without a rebound.
16:31 of 2nd period - Ryan Nugent-Hopkins wins face-off versus Dominik Kahun in Lightning zone.
16:40 of 2nd period - Slapshot by Tyler Seguin.
16:40 of 2nd period - Stopped by Pavel Francouz without a rebound.
16:41 of 2nd period - Ryan Nugent-Hopkins wins face-off versus Andrew Mangiapane in Kraken zone.
16:44 of 2nd period - Wrist shot by Tyler Seguin.
16:44 of 2nd period - Shot Misses the Net.
16:58 of 2nd period - Snap shot by Tyler Seguin.
16:58 of 2nd period - Stopped by Pavel Francouz with a rebound.
17:48 of 2nd period - Backhand shot by Dominik Kahun.
17:48 of 2nd period - Stopped by Matt Murray without a rebound.
17:49 of 2nd period - Nick Foligno wins face-off versus Jordan Staal in Lightning zone.
17:58 of 2nd period - Snap shot by Nick Foligno.
17:58 of 2nd period - Stopped by Pavel Francouz without a rebound.
17:59 of 2nd period - Mikko Koivu wins face-off versus Jordan Staal in Kraken zone.
18:04 of 2nd period - Snap shot by Jakob Silfverberg.
18:04 of 2nd period - Shot Blocked by Jordan Staal.
18:06 of 2nd period - Wrist shot by Nick Foligno.
18:06 of 2nd period - Shot Misses the Net.
18:10 of 2nd period - Wrist shot by Nick Foligno.
18:10 of 2nd period - Stopped by Pavel Francouz with a rebound.
18:12 of 2nd period - Snap shot by Jakob Silfverberg.
18:12 of 2nd period - Shot Misses the Net.
18:14 of 2nd period - Slapshot by Andrej Sekera.
18:14 of 2nd period - Deflect By Alex DeBrincat.
18:14 of 2nd period - Stopped by Pavel Francouz without a rebound.
18:15 of 2nd period - Roope Hintz wins face-off versus Cedric Paquette in Kraken zone.
18:17 of 2nd period - Minor Penalty to Conor Garland for Hooking.
18:18 of 2nd period - Ryan Nugent-Hopkins wins face-off versus Jordan Staal in Kraken zone.
18:40 of 2nd period - Wrist shot by Bryan Rust.
18:40 of 2nd period - Stopped by Matt Murray with a rebound.
19:01 of 2nd period - Icing by T.J. Brodie.
19:02 of 2nd period - Alexander Kerfoot wins face-off versus Ryan Nugent-Hopkins in Lightning zone.
19:07 of 2nd period - Snap shot by Josh Anderson.
19:07 of 2nd period - Shot Misses the Net.
19:09 of 2nd period - Wrist shot by Alexander Kerfoot.
19:09 of 2nd period - Shot Blocked by Nicolas Deslauriers.
19:11 of 2nd period - Slapshot by Mark Giordano.
19:11 of 2nd period - Stopped by Matt Murray with a rebound.
19:13 of 2nd period - Slapshot by Jared Spurgeon.
19:13 of 2nd period - Deflect By Alexander Kerfoot.
19:13 of 2nd period - Shot Misses the Net.
19:13 of 2nd period - Puck is out of play.
19:14 of 2nd period - Ryan Nugent-Hopkins wins face-off versus Jordan Staal in Lightning zone.
19:41 of 2nd period - Andrej Sekera is hit by Mark Giordano.
Goals for this period are 1 for Kraken vs 2 for Lightning.
Shots for this period are 13 for Kraken vs 12 for Lightning.

3rd period


0:01 of 3rd period - Ryan Nugent-Hopkins wins face-off versus Alexander Kerfoot in neutral zone.
0:17 of 3rd period - Penalty to Conor Garland is over, Conor Garland is back on ice.
0:20 of 3rd period - Slapshot by Conor Garland.
0:20 of 3rd period - Shot Misses the Net.
0:32 of 3rd period - Slapshot by Nicolas Deslauriers.
0:32 of 3rd period - Stopped by Pavel Francouz with a rebound.
0:34 of 3rd period - Wrist shot by Ryan Dzingel.
0:34 of 3rd period - Stopped by Pavel Francouz with a rebound.
1:02 of 3rd period - Josh Anderson is hit by Andrej Sekera and loses puck.
1:28 of 3rd period - Adam Gaudette is hit by Michael Stone and loses puck.
1:45 of 3rd period - Wrist shot by Chris Wagner.
1:45 of 3rd period - Deflect By Brett Howden.
1:45 of 3rd period - Shot Misses the Net.
1:45 of 3rd period - Puck is out of play.
1:46 of 3rd period - Ryan Nugent-Hopkins wins face-off versus Dominik Kahun in Kraken zone.
2:03 of 3rd period - Jon Marchessault is hit by Luca Sbisa.
3:38 of 3rd period - Slapshot by Conor Garland.
3:38 of 3rd period - Stopped by Matt Murray with a rebound.
4:09 of 3rd period - Wrist shot by Nick Foligno.
4:09 of 3rd period - Stopped by Pavel Francouz with a rebound.
4:46 of 3rd period - Slapshot by Jeff Skinner.
4:46 of 3rd period - Shot Misses the Net.
4:48 of 3rd period - Wrist shot by Andrew Mangiapane.
4:48 of 3rd period - Shot Misses the Net.
5:03 of 3rd period - Slapshot by Luca Sbisa.
5:03 of 3rd period - Stopped by Matt Murray with a rebound.
5:21 of 3rd period - Snap shot by Cedric Paquette.
5:21 of 3rd period - Shot Misses the Net.
5:23 of 3rd period - Snap shot by T.J. Brodie.
5:23 of 3rd period - Shot Misses the Net.
5:35 of 3rd period - Wrist shot by Bryan Rust.
5:35 of 3rd period - Stopped by Matt Murray without a rebound.
5:36 of 3rd period - Jordan Staal wins face-off versus Ryan Nugent-Hopkins in Lightning zone.
5:42 of 3rd period - Slapshot by Mark Giordano.
5:42 of 3rd period - Deflect By Bryan Rust.
5:42 of 3rd period - Stopped by Matt Murray with a rebound.
5:44 of 3rd period - Wrist shot by Mark Giordano.
5:44 of 3rd period - Deflect By Ryan Nugent-Hopkins.
5:44 of 3rd period - Stopped by Matt Murray without a rebound.
5:45 of 3rd period - Ryan Nugent-Hopkins wins face-off versus Jordan Staal in Lightning zone.
5:50 of 3rd period - Tyler Seguin is hit by Alex DeBrincat.
6:02 of 3rd period - Slapshot by T.J. Brodie.
6:02 of 3rd period - Shot Misses the Net.
6:20 of 3rd period - Nick Foligno is hit by Andrew Mangiapane and loses puck.
8:36 of 3rd period - Icing by Alex DeBrincat.
8:37 of 3rd period - Bryan Rust wins face-off versus Tyler Seguin in Kraken zone.
9:11 of 3rd period - Slapshot by Roope Hintz.
9:11 of 3rd period - Shot Misses the Net.
9:13 of 3rd period - Slapshot by Matt Irwin.
9:13 of 3rd period - Stopped by Matt Murray with a rebound.
9:32 of 3rd period - Brett Howden is hit by Alexander Kerfoot and loses puck.
9:56 of 3rd period - Slapshot by Dominik Kahun.
9:56 of 3rd period - Stopped by Matt Murray with a rebound.
10:12 of 3rd period - Wrist shot by Alex DeBrincat.
10:12 of 3rd period - Stopped by Matt Murray with a rebound.
11:37 of 3rd period - Snap shot by Alex DeBrincat.
11:37 of 3rd period - Shot Blocked by Tyler Seguin.
11:39 of 3rd period - Wrist shot by Jordan Staal.
11:39 of 3rd period - Shot Misses the Net.
11:49 of 3rd period - Jared Spurgeon is hit by Johnny Boychuk and loses puck.
11:54 of 3rd period - Slapshot by Brett Howden.
11:54 of 3rd period - Stopped by Pavel Francouz with a rebound.
11:56 of 3rd period - Wrist shot by Nicolas Deslauriers.
11:56 of 3rd period - Stopped by Pavel Francouz with a rebound.
11:58 of 3rd period - Snap shot by Chris Wagner.
11:58 of 3rd period - Shot Misses the Net.
12:14 of 3rd period - Wrist shot by Sam Steel.
12:14 of 3rd period - Stopped by Matt Murray without a rebound.
12:15 of 3rd period - Ryan Nugent-Hopkins wins face-off versus Alex DeBrincat in Lightning zone.
12:31 of 3rd period - Backhand shot by Bryan Rust.
12:31 of 3rd period - Stopped by Matt Murray with a rebound.
12:41 of 3rd period - Jon Marchessault is hit by Roope Hintz and loses puck.
12:48 of 3rd period - Conor Garland is hit by Jon Marchessault.
12:54 of 3rd period - Icing by Ryan Nugent-Hopkins.
12:55 of 3rd period - Ryan Nugent-Hopkins wins face-off versus Jordan Staal in Lightning zone.
13:08 of 3rd period - Wrist shot by Jon Marchessault.
13:08 of 3rd period - Deflect By Ryan Nugent-Hopkins.
13:08 of 3rd period - Shot Misses the Net.
13:08 of 3rd period - Puck is out of play.
13:09 of 3rd period - Mikko Koivu wins face-off versus Dominik Kahun in Kraken zone.
13:22 of 3rd period - Wrist shot by Jeff Skinner.
13:22 of 3rd period - Stopped by Matt Murray with a rebound.
13:24 of 3rd period - Slapshot by Michal Kempny.
13:24 of 3rd period - Stopped by Matt Murray with a rebound.
13:59 of 3rd period - Wrist shot by Jakob Silfverberg.
13:59 of 3rd period - Stopped by Pavel Francouz with a rebound.
14:01 of 3rd period - Backhand shot by Michael Stone.
14:01 of 3rd period - Shot Misses the Net.
14:03 of 3rd period - Snap shot by Mikko Koivu.
14:03 of 3rd period - Stopped by Pavel Francouz with a rebound.
14:06 of 3rd period - Icing by Mark Giordano.
14:07 of 3rd period - Ryan Nugent-Hopkins wins face-off versus Jordan Staal in Kraken zone.
15:04 of 3rd period - Snap shot by Chris Wagner.
15:04 of 3rd period - Shot Misses the Net.
15:16 of 3rd period - Michal Kempny is hit by Ryan Nugent-Hopkins and loses puck.
16:39 of 3rd period - Off-side.
16:40 of 3rd period - Cedric Paquette wins face-off versus Jordan Staal in neutral zone.
16:46 of 3rd period - Johnny Boychuk is hit by Jordan Staal and loses puck.
16:51 of 3rd period - Wrist shot by Ryan Dzingel.
16:51 of 3rd period - Shot Misses the Net.
16:53 of 3rd period - Wrist shot by Cedric Paquette.
16:53 of 3rd period - Shot Misses the Net.
16:55 of 3rd period - Snap shot by Ryan Dzingel.
16:55 of 3rd period - Stopped by Pavel Francouz without a rebound.
16:56 of 3rd period - Ryan Nugent-Hopkins wins face-off versus Sam Steel in Kraken zone.
17:07 of 3rd period - Backhand shot by Ryan Nugent-Hopkins.
17:07 of 3rd period - Deflect By Jon Marchessault.
17:07 of 3rd period - Stopped by Pavel Francouz with a rebound.
17:09 of 3rd period - Snap shot by Ryan Nugent-Hopkins.
17:09 of 3rd period - Stopped by Pavel Francouz without a rebound.
17:10 of 3rd period - Cedric Paquette wins face-off versus Jordan Staal in Kraken zone.
17:11 of 3rd period - Slapshot by Ryan Dzingel.
17:11 of 3rd period - Stopped by Pavel Francouz without a rebound.
17:12 of 3rd period - Jordan Staal wins face-off versus Cedric Paquette in Kraken zone.
17:14 of 3rd period - Minor Penalty to Bryan Rust for Tripping.
17:15 of 3rd period - Jordan Staal wins face-off versus Ryan Nugent-Hopkins in Kraken zone.
17:46 of 3rd period - T.J. Brodie is hit by Calvin de Haan and loses puck.
17:57 of 3rd period - Snap shot by Adam Gaudette.
17:57 of 3rd period - Stopped by Matt Murray with a rebound.
18:08 of 3rd period - Off-side.
18:09 of 3rd period - Jordan Staal wins face-off versus Ryan Nugent-Hopkins in neutral zone.
18:12 of 3rd period - Radko Gudas is hit by Jordan Staal and loses puck.
18:23 of 3rd period - Nick Foligno is hit by Josh Anderson and loses puck.
18:54 of 3rd period - Alexander Kerfoot is hit by Mikko Koivu and loses puck.
19:14 of 3rd period - Penalty to Bryan Rust is over, Bryan Rust is back on ice.
19:17 of 3rd period - Michal Kempny is hit by Cedric Paquette and loses puck.
Goals for this period are 0 for Kraken vs 0 for Lightning.
Shots for this period are 13 for Kraken vs 11 for Lightning. Output by the SimonT Hockey Simulator (STHS) for Eric Tremblay - Original Page W3C HTML5 Valid
Hockey Simulator - Hockey Simulation - Hockey Manager